cohdb
Replays
Latest Replays
All Replays
Popular Replays
Top Player Replays
Match Explorer
How It Works
Community
CoH3 Stats
Reddit
Sign in to upload your games and track your stats! →
Sign in with Steam
Match 46043226
Unlisted
Match 46043226
Overview
Messages
Build Orders
End
Construct Section Command Post
Selects Air and Sea Battlegroup
Infantry Section
Infantry Section
Dingo Light Scout Car
Infantry Section
Construct Platoon Command Post
Humber Armored Car
Selects Commando Section Paradrop
Construct Field Infirmary
6-pounder Anti-tank Gun Team
Commando Section Paradrop
Grenade Package
Selects Naval Blockade
Infantry Training
ML 3-inch Mortar Team
Selects M1 Pack Howitzer Paradrop
Construct Company Command Post
Selects Anti-tank Rocket Loiter
Matilda II Heavy Tank
Anti-tank Rocket Loiter
Royal Engineer Section
Selects UNKNOWN (223837)
Crusader II Medium Tank
Unlock M3 Grant Medium Tanks
Anti-tank Rocket Loiter
M3 Grant Medium Tank
Speedbird
Selan
0
0
Comments
sign in to comment!
No comments posted yet!